 Dungeon Crawl Stone Soup version 0.29.1 (webtiles) character file.

Game seed: 2422820012963625810

27263 smilodon the Brawler (level 13, 0/131 HPs)
             Began as a Troll Fighter on Sept 13, 2022.
             Was the Champion of Jiyva.
             Slain by an eight-headed hydra (14 damage)
             ... on level 14 of the Dungeon on Sept 14, 2022.
             The game lasted 00:23:23 (10641 turns).

smilodon the Brawler (Troll Fighter)               Turns: 10641, Time: 00:23:23

Health: 0/131      AC:  8    Str: 31    XL:     13   Next: 3%
Magic:  23/23      EV:  9    Int:  4    God:    Jiyva [******]
Gold:   612        SH:  7    Dex:  9    Spells: 12/12 levels left

rFire   + . .      SeeInvis .     - Unarmed
rCold   + . .      Faith    .   b - +0 kite shield
rNeg    . . .      Spirit   .   E - +0 troll leather armour
rPois   .          Reflect  .   (helmet restricted)
rElec   +          Harm     .   i - +1 cloak
rCorr   +          Rampage  .   (gloves unavailable)
Will    .....                   (boots unavailable)
Stlth   ++++......              s - amulet of regeneration
HPRegen 4.31/turn               t - ring of magical power
MPRegen 0.68/turn               D - ring of protection from fire

@: no status effects
A: large, unfitting armour, claws 3, regeneration 1, shaggy fur 1, tough skin 1,
hooves 2, camouflage 3, cold resistance 1, high MP 2, electricity resistance
a: Renounce Religion, Oozemancy, Slimify


You were on level 14 of the Dungeon.
You worshipped Jiyva.
Jiyva was exalted by your worship.
You visited 1 branch of the dungeon, and saw 14 of its levels.
You also visited: Sewer.

You collected 612 gold pieces.

Inventory:

Hand Weapons
 q - the +7 quarterstaff of the Known World {vamp, Int+3}
   (You found it on level 4 of the Dungeon)

   It occasionally heals its wielder for a portion of the damage dealt when it
   wounds a living foe.
   Int:       It affects your intelligence (+3).
Missiles
 d - 123 stones
 n - 19 large rocks (quivered)
 p - a throwing net
 x - 5 curare-tipped darts
Armour
 a - a +0 robe
 b - a +0 kite shield (worn)
 i - a +1 cloak (worn)
 v - +0 acid dragon scales
 A - +0 steam dragon scales
 E - a +0 troll leather armour (worn)
Jewellery
 e - an amulet of faith
 k - an amulet of reflection
 s - an amulet of regeneration (around neck)
 t - a ring of magical power (left claw)
 D - a ring of protection from fire (right claw)
 F - an amulet of guardian spirit
Wands
 j - a wand of light (13)
 m - a wand of mindburst (15)
 r - a wand of polymorph (8)
 u - a wand of charming (11)
 B - a wand of iceblast (12)
 H - a wand of flame (10)
Scrolls
 f - 7 scrolls of butterflies
 l - a scroll of immolation
 w - 4 scrolls of teleportation
 y - 2 scrolls of amnesia
 C - 2 scrolls of identify
 I - 2 scrolls of blinking
 K - a scroll of torment
Potions
 g - a potion of heal wounds
 h - 4 potions of magic
 o - 3 potions of mutation
 z - a potion of curing
 G - a potion of resistance
Miscellaneous
 c - a tin of tremorstones (2/2)
 J - a condenser vane


   Skills:
 + Level 9.3 Fighting
 + Level 9.6 Throwing
 + Level 3.6 Dodging
 + Level 4.0 Shields
 + Level 15.9 Unarmed Combat


You had 12 spell levels left.
You didn't know any spells.
Your spell library contained the following spells:

 Spells                   Type           Power      Damage    Failure   Level
 Beastly Appendage        Tmut           0%         N/A       83%         1
 Wereblood                Tmut           0%         N/A       92%         2
 Ignite Poison            Fire/Tmut/Pois 0%         N/A       99%         3
 Mephitic Cloud           Conj/Pois/Air  0%         N/A       99%         3
 Spider Form              Tmut/Pois      0%         N/A       99%         3
 Freezing Cloud           Conj/Ice/Air   0%         6-21      100%        5


Dungeon Overview and Level Annotations

Branches:
Dungeon (14/15)            Temple (0/1) D:5            Lair (0/5) D:10
    Orc (0/2) D:11          Sewer (visited)
 Vaults: D:13-14

Altars:
Ashenzari
Makhleb
Ru
Uskayaw
Vehumet

Shops:
D:2 *   D:3 *   D:8 ==

Annotations:
D:10 2 transporters
D:11 Kirke


Innate Abilities, Weirdness & Mutations

You are too large for most types of armour.
You have claws for hands.
Your natural rate of healing is unusually fast.
You are covered in fur. (AC +1)
You have tough skin. (AC +1)
You have hoof-like feet.
Your skin perfectly mimics your surroundings (Stealth+++).
Your flesh is cold resistant. (rC+)
You have a considerably increased reservoir of magic. (+20% MP)
You are resistant to electric shocks. (rElec)


Message History

The eight-headed hydra bites you.
The eight-headed hydra closely misses you.
The eight-headed hydra bites you.
The eight-headed hydra barely misses you.
The eight-headed hydra bites you. The eight-headed hydra bites you! x2
You start removing your armour.
You continue taking off your +0 kite shield.
The eight-headed hydra bites you. The eight-headed hydra bites you!
The eight-headed hydra completely misses you.
The eight-headed hydra bites you!
You block the eight-headed hydra's attack.
The eight-headed hydra bites you but does no damage.
The eight-headed hydra bites you!
The eight-headed hydra bites you but does no damage.
You continue taking off your +0 kite shield.
The eight-headed hydra bites you but does no damage. x2
You block the eight-headed hydra's attack.
The eight-headed hydra bites you but does no damage.
The eight-headed hydra closely misses you.
You block the eight-headed hydra's attack.
The eight-headed hydra bites you.
The eight-headed hydra closely misses you.
You continue taking off your +0 kite shield.
The eight-headed hydra bites you.
The eight-headed hydra bites you but does no damage.
The eight-headed hydra bites you.
The eight-headed hydra closely misses you.
The eight-headed hydra bites you. x2; The eight-headed hydra bites you!
* * * LOW HITPOINT WARNING * * *
You block the eight-headed hydra's attack.
You continue taking off your +0 kite shield.
The eight-headed hydra bites you but does no damage.
The eight-headed hydra barely misses you. x2
The eight-headed hydra bites you!
* * * LOW HITPOINT WARNING * * *
The eight-headed hydra bites you!
* * * LOW HITPOINT WARNING * * *
The eight-headed hydra bites you but does no damage.
The eight-headed hydra bites you!
You die...

#. #...#...... #.#
+...#...#.. .######.+
#...#####.. .......#
#.......... #.....#
#..........
#..(..#####..........
#....................
#..........#######...
#...@......# #...
#..D.......# #...
#..........# #...
.....###.....# #...
...... #.....# #...
####.. #.....# #...
#+ #.....# #...
.....#######...
..........


You could see an eight-headed hydra.

Vanquished Creatures
  4 boulder beetles
  A centaur warrior (D:13)
  A tengu warrior (D:12)
  2 two-headed ogres
  Nergalle (D:10)
  The ghost of dang3rdave the Cleaver, a novice MiBe of Trog (D:7)
  A deep elf pyromancer (D:12)
  A wolf spider (D:9)
  4 cyclopes
  2 ugly things
  3 manticores
  A gargoyle (D:10)
  An unseen horror (D:12)
  4 kobold demonologists
  A komodo dragon (D:12)
  A tengu conjurer (D:12)
  7 trolls
  Grinder (D:3)
  Sigmund (D:4)
  4 wyverns
  2 vampires (D:12)
  A yak (shapeshifter) (D:14)
  Eustachio (D:4)
  4 wraiths
  26 yaks
  4 hogs
  10 vampire mosquitoes
  2 steam dragons
  Grum (D:8)
  2 acid dragons
  4 water moccasins
  An orc warrior (D:9)
  An ice beast (D:6)
  A sky beast (D:7)
  2 black bears (D:5)
  3 ogres
  4 wolves (D:8)
  3 centaurs
  A phantom (D:6)
  6 kobold brigands
  10 scorpions
  3 bullfrogs
  4 necrophages
  2 gnoll sergeants
  10 wights
  14 killer bees
  2 howler monkeys (D:12)
  2 jellies (Sewer)
  2 hounds (D:5)
  9 orc priests
  3 iguanas
  Jessica (D:2)
  A gnoll bouda (D:6)
  11 orc wizards
  14 gnolls
  10 adders
  A river rat (Sewer)
  A shadow imp (D:7)
  2 white imps
  An ufetubus (D:4)
  3 worms
  4 dart slugs
  20 orcs
  7 ball pythons
  17 bats
  9 endoplasms
  6 giant cockroaches
  3 goblins
  5 hobgoblins
  6 jackals
  9 frilled lizards
  18 kobolds
  9 rats
340 creatures vanquished.

Vanquished Creatures (others)
  A centaur warrior (D:9)
  A cyclops (D:9)
  An efreet (D:9)
  2 slime creatures
  2 ice beasts
  A black bear (D:6)
  A centaur (D:10)
  A phantom (D:5)
  A scorpion (D:5)
  2 howler monkeys
  32 jellies
  An orc wizard (D:8)
  An adder (D:4)
  11 orcs
  A quokka (D:4)
  A ball python (D:4)
  3 kobolds
  6 fungi
  13 plants (D:10)
82 creatures vanquished.

Grand Total: 422 creatures vanquished

Notes
Turn   | Place    | Note
-------+----------+-------------------------------------------
     0 | D:1      | smilodon the Troll Fighter began the quest for the Orb.
     0 | D:1      | Reached XP level 1. HP: 22/22 MP: 0/0
   165 | D:1      | Reached XP level 2. HP: 29/29 MP: 1/1
   508 | D:2      | Reached skill level 3 in Unarmed Combat
   573 | D:2      | Reached XP level 3. HP: 36/36 MP: 2/2
   628 | D:2      | Found Ejerphiu's Assorted Antiques.
   672 | D:2      | Found a faded altar of an unknown god.
   982 | D:2      | Reached skill level 4 in Unarmed Combat
  1087 | D:2      | Reached XP level 4. HP: 44/44 MP: 3/3
  1127 | D:2      | Noticed Jessica
  1134 | D:2      | Killed Jessica
  1330 | D:2      | Gained mutation: You have a beak for a mouth. [potion of
                  | mutation]
  1330 | D:2      | Gained mutation: You are resistant to electric shocks.
                  | (rElec) [potion of mutation]
  1654 | D:3      | Reached skill level 5 in Unarmed Combat
  1654 | D:3      | Reached XP level 5. HP: 35/50 MP: 4/4
  1724 | D:3      | Found Pulosef's General Store.
  1769 | D:3      | Reached skill level 6 in Unarmed Combat
  1851 | D:3      | Reached XP level 6. HP: 59/59 MP: 5/5
  2046 | D:3      | Noticed Grinder
  2050 | D:3      | Paralysed by Grinder for 4 turns
  2060 | D:3      | Killed Grinder
  2061 | D:3      | Reached skill level 7 in Unarmed Combat
  2129 | D:4      | Found a glowing drain.
  2139 | Sewer    | Entered a sewer
  2254 | Sewer    | Found a viscous altar of Jiyva.
  2257 | Sewer    | Reached XP level 7. HP: 60/66 MP: 6/6
  2266 | Sewer    | Became a worshipper of Jiyva Jejem the Shapeless
  2387 | D:4      | Reached skill level 8 in Unarmed Combat
  2542 | D:4      | Reached * piety under Jiyva
  2564 | D:4      | Identified the +7 quarterstaff of the Known World {vamp,
                  | Int+3}
  2717 | D:4      | Noticed Sigmund
  2732 | D:4      | Killed Sigmund
  2733 | D:4      | Reached skill level 9 in Unarmed Combat
  2733 | D:4      | Reached XP level 8. HP: 74/74 MP: 7/7
  2951 | D:4      | Noticed Eustachio
  2956 | D:4      | Killed Eustachio
  2957 | D:4      | Reached skill level 10 in Unarmed Combat
  3217 | D:5      | Entered Level 5 of the Dungeon
  3219 | D:5      | Reached ** piety under Jiyva
  3225 | D:5      | Identified the +8 plate armour of Qipturo {rElec rPois
                  | Str+4 Dex-4}
  3268 | D:5      | Found a staircase to the Ecumenical Temple.
  3437 | D:5      | Found a hide-covered altar of Uskayaw.
  3537 | D:5      | Reached skill level 11 in Unarmed Combat
  3985 | D:6      | Reached XP level 9. HP: 80/80 MP: 8/8
  3993 | D:6      | Reached skill level 12 in Unarmed Combat
  4211 | D:6      | Reached *** piety under Jiyva
  4303 | D:6      | Reached skill level 13 in Unarmed Combat
  4312 | D:6      | Lost mutation: You are resistant to electric shocks.
                  | (rElec) [Jiyva's grace]
  4312 | D:6      | Gained mutation: Your rubbery body absorbs attacks. (AC +1,
                  | EV +1) [Jiyva's grace]
  4312 | D:6      | Gained mutation: Your pliable body absorbs attacks. (AC +2,
                  | EV +2) [Jiyva's grace]
  4312 | D:6      | Gained mutation: Your gelatinous body deflects attacks. (AC
                  | +3, EV +3) [Jiyva's grace]
  4312 | D:6      | Gained mutation: You are covered in slimy tendrils that may
                  | disarm your opponents. [Jiyva's grace]
  4950 | D:7      | Reached **** piety under Jiyva
  4986 | D:7      | Found a burning altar of Makhleb.
  5052 | D:7      | Reached skill level 14 in Unarmed Combat
  5091 | D:7      | Found a sacrificial altar of Ru.
  5169 | D:7      | Noticed dang3rdave's ghost (novice MiBe)
  5174 | D:7      | Found a runed translucent door.
  5230 | D:7      | Killed dang3rdave's ghost
  5231 | D:7      | Reached XP level 10. HP: 79/88 MP: 9/9
  5801 | D:8      | Reached skill level 15 in Unarmed Combat
  5857 | D:8      | Reached ***** piety under Jiyva
  5908 | D:8      | Lost mutation: You have a beak for a mouth. [Jiyva's grace]
  5908 | D:8      | Lost mutation: You are covered in slimy tendrils that may
                  | disarm your opponents. [Jiyva's grace]
  5908 | D:8      | Gained mutation: You have large cloven feet. [Jiyva's
                  | grace]
  5908 | D:8      | Gained mutation: You have hoof-like feet. [Jiyva's grace]
  5908 | D:8      | Gained mutation: You have hooves in place of feet. [Jiyva's
                  | grace]
  5908 | D:8      | Gained mutation: You have supernaturally acute eyesight.
                  | (SInv) [Jiyva's grace]
  5952 | D:8      | Found Zubro's Jewellery Boutique.
  6031 | D:8      | Found Egoxeb's Jewellery Shop.
  6046 | D:8      | Noticed Grum
  6062 | D:8      | Killed Grum
  6337 | D:9      | Noticed a smoke demon
  6356 | D:8      | Reached skill level 1 in Throwing
  6375 | D:9      | Killed a cyclops
  6384 | D:9      | Killed a centaur warrior
  6598 | D:9      | Reached XP level 11. HP: 99/101 MP: 10/10
  6636 | D:9      | Reached skill level 5 in Fighting
  6650 | D:9      | Noticed a wolf spider
  6677 | D:9      | Killed a wolf spider
  6678 | D:9      | Reached skill level 5 in Throwing
  6815 | D:9      | Noticed a two-headed ogre
  6823 | D:9      | Killed a two-headed ogre
  7041 | D:10     | Entered Level 10 of the Dungeon
  7045 | D:10     | Found a transporter.
  7076 | D:10     | Found a transporter.
  7080 | D:10     | Found a transporter.
  7080 | D:10     | Found a transporter.
  7137 | D:10     | Noticed Nergalle
  7137 | D:10     | Found a transporter.
  7137 | D:10     | Found a transporter.
  7140 | D:10     | Killed Nergalle
  7245 | D:10     | Found a radiant altar of Vehumet.
  7245 | D:10     | Found a broken altar of Ashenzari.
  7262 | D:10     | Found a staircase to the Lair.
  7607 | D:11     | Found a staircase to the Orcish Mines.
  7668 | D:11     | Reached XP level 12. HP: 100/118 MP: 11/11
  7683 | D:11     | Noticed a boulder beetle
  7705 | D:11     | Killed a boulder beetle
  7774 | D:11     | Reached ****** piety under Jiyva
  7786 | D:11     | Lost mutation: You have supernaturally acute eyesight.
                  | (SInv) [Jiyva's grace]
  7786 | D:11     | Gained mutation: You have an increased reservoir of magic.
                  | (+10% MP) [Jiyva's grace]
  7786 | D:11     | Gained mutation: You have a considerably increased
                  | reservoir of magic. (+20% MP) [Jiyva's grace]
  7786 | D:11     | Gained mutation: You have a greatly increased reservoir of
                  | magic. (+30% MP) [Jiyva's grace]
  7786 | D:11     | Gained mutation: Your flesh is cold resistant. (rC+)
                  | [Jiyva's grace]
  7824 | D:11     | You fall into a shaft and drop 1 floor!
  8481 | D:12     | Noticed a tengu warrior
  8494 | D:12     | Killed a tengu warrior
  8536 | D:12     | Noticed Kirke
  8674 | D:11     | Noticed a sphinx
  8841 | D:10     | Identified the +0 plate armour of Foolhardiness {Fly
                  | Stlth+}
  8891 | D:11     | Noticed a sphinx
  8894 | D:11     | Paralysed by a sphinx for 4 turns
  8913 | D:11     | Paralysed by a sphinx for 4 turns
  9634 | D:13     | Noticed a boulder beetle
  9653 | D:13     | Killed a boulder beetle
  9800 | D:13     | Noticed a centaur warrior
  9809 | D:13     | Killed a centaur warrior
 10021 | D:13     | Lost mutation: You have hooves in place of feet. [Jiyva's
                  | grace]
 10021 | D:13     | Lost mutation: You have a greatly increased reservoir of
                  | magic. (+30% MP) [Jiyva's grace]
 10021 | D:13     | Lost mutation: Your gelatinous body deflects attacks. (AC
                  | +3, EV +3) [Jiyva's grace]
 10021 | D:13     | Lost mutation: Your pliable body absorbs attacks. (AC +2,
                  | EV +2) [Jiyva's grace]
 10021 | D:13     | Lost mutation: Your rubbery body absorbs attacks. (AC +1,
                  | EV +1) [Jiyva's grace]
 10021 | D:13     | Gained mutation: Your skin changes colour to match your
                  | surroundings (Stealth+). [Jiyva's grace]
 10021 | D:13     | Gained mutation: Your skin blends seamlessly with your
                  | surroundings (Stealth++). [Jiyva's grace]
 10021 | D:13     | Gained mutation: Your skin perfectly mimics your
                  | surroundings (Stealth+++). [Jiyva's grace]
 10021 | D:13     | Gained mutation: You are resistant to electric shocks.
                  | (rElec) [Jiyva's grace]
 10125 | D:13     | Noticed a two-headed ogre
 10132 | D:13     | Killed a two-headed ogre
 10473 | D:14     | Noticed a boulder beetle
 10492 | D:14     | Killed a boulder beetle
 10542 | D:14     | Reached XP level 13. HP: 103/131 MP: 14/14
 10641 | D:14     | Slain by an eight-headed hydra

Illustrated notes

Levels and vault maps discovered:
D:1:      minmay_arrival_shattered_statue, layout_rooms
D:2:      layout_basic, hellmonk_ecumenical_altar_leap_of_faith, serial_shops,
          nicolae_diamond_shop, uniq_jessica
D:3:      layout_loops_ring, serial_shops, shop, minmay_pentangle, uniq_grinder
D:4:      layout_basic, cheibrodos_sewer_entry_sluice,
          kennysheep_generic_room_11, uniq_sigmund, uniq_eustachio
D:5:      layout_gridville, nicolae_uskayaw_murder_on_the_dancefloor,
          minmay_temple_entry_mini_moons, nicolae_elevator_lobby_plus
D:6:      old_forge, layout_loops_cross
D:7:      layout_cave_pools, hangedman_ru_absence, general_overflow_altar,
          hellmonk_ghost_happy_afterlife
D:8:      layout_loops_corners, serial_shops, shop, nicolae_lakefront_shop,
          uniq_grum
D:9:      layout_roguey, minmay_evil_grid
D:10:     layout_basic, nicolae_overflow_two_pavilions, minmay_lair_entry_grove,
          serial_nicolae_subway, nicolae_sub_station_metal,
          nicolae_sub_station_crystal, nicolae_sub_station_stone, uniq_nergalle
D:11:     layout_gridville, orc_0_dummy
D:12:     layout_loops_ring, uniq_kirke
D:13:     layout_layer_cave
D:14:     layout_irregular_city, skrybe_vaults_entry_preservation, serial_glass,
          glass_columns_b, glass_columns_b, glass_columns_a, glass_columns_b,
          glass_columns_c, glass_columns_b, glass_columns_c, glass_columns_b,
          glass_columns_b, glass_columns_a

Skill      XL: |  1  2  3  4  5  6  7  8  9 10 11 12 |
---------------+-------------------------------------+-----
Unarmed Combat | 3 4 5 6 7 9 11 14 15 | 15.9
Fighting       | 4 7 9 |  9.3
Throwing       | 3 7 9 |  9.6
Shields        | 4 |  4.0
Dodging        | 3 |  3.6

Action                   |  1- 3 |  4- 6 |  7- 9 | 10-12 | 13-15 || total
-------------------------+-------+-------+-------+-------+-------++-------
Melee: Unarmed           |    95 |   108 |   308 |   487 |     7 ||  1005
       Peck              |       |    11 |    43 |    10 |       ||    64
       Kick              |       |       |       |   122 |     2 ||   124
Throw: Stone             |       |       |       |     1 |       ||     1
  Use: Scroll            |     4 |     4 |     4 |     8 |       ||    20
       Potion            |     1 |     7 |     4 |     2 |       ||    14
 Stab: Sleeping          |       |     1 |       |       |       ||     1
       Held in net/web   |       |       |     1 |       |       ||     1
       Invisible         |       |       |       |     3 |       ||     3
Armor: Robe              |    19 |    15 |    31 |       |       ||    65
       Acid dragon scale |       |       |    52 |    70 |       ||   122
       Troll leather arm |       |       |       |   137 |    14 ||   151
Dodge: Dodged            |    34 |    24 |    99 |   272 |    13 ||   442
Block: Kite shield       |    15 |    48 |   123 |   178 |    11 ||   375
